 Dungeon Crawl Stone Soup version 0.29.1-1-gd02db69 (webtiles) character file.

Game seed: 4359251988622105558

902084 333guts333 the Conqueror (level 27, -4/273 HPs)
             Began as a Minotaur Gladiator on Apr 20, 2023.
             Was the Champion of the Shining One.
             Slain by a bone dragon (6 damage)
             ... called by a doom hound
             ... on level 5 of Tartarus on Apr 25, 2023.
             The game lasted 05:05:07 (108777 turns).

333guts333 the Conqueror (Minotaur Gladiator)     Turns: 108777, Time: 05:05:08

Health: -4/273     AC: 51    Str: 22    XL:     27
Magic:  24/34      EV: 20    Int: 11    God:    the Shining One [******]
Gold:   7017       SH: 18    Dex: 32    Spells: 51/60 levels left

rFire   + + .      SeeInvis .   z - +9 eudemon blade (holy)
rCold   + . .      Faith    .   F - +1 buckler "Etrenk" {Dex+9}
rNeg    + + +      Spirit   .   R - +12 gold dragon scales
rPois   +          Reflect  +   K - +1 hat of Fortitude {Int+4}
rElec   +          Harm     .   S - +2 cloak {rF+}
rCorr   +          Rampage  .   W - +3 pair of gauntlets of War {Slay+5}
Will    ++...                   Y - +1 pair of boots of Fahuq {+Blink Slay+5}
Stlth   ..........              l - amulet "Ugatic" {Reflect Regen+ Dex+2 SH+5 Stlth+}
HPRegen 1.35/turn               U - ring of resist corrosion
MPRegen 0.24/turn               a - ring of Serendipity {Fly rElec Will+++ MP-9 Stlth-}

@: lethally poisoned (-4 -> -31), marked, flying, slowed, glowing, studying
Invocations, weak-willed, very slow
A: horns 2, retaliatory headbutt, iridescent scales 2, deterioration 1, mutation
resistance 1, MP-powered wands
}: 6/15 runes: barnacled, slimy, silver, obsidian, abyssal, gossamer
a: Renounce Religion, Evoke Blink, Divine Shield, Cleansing Flame, Summon Divine
Warrior


You were on level 5 of Tartarus.
You worshipped the Shining One.
The Shining One was exalted by your worship.
You visited 17 branches of the dungeon, and saw 76 of its levels.
You visited the Abyss 6 times.
You also visited: Ossuary, Gauntlet, Volcano and Desolation.

You collected 9263 gold pieces.
You spent 2246 gold pieces at shops.

Inventory:

Hand Weapons
 z - a +9 eudemon blade of holy wrath (weapon)
 C - the +7 sceptre of Asmodeus
   (You took it off Asmodeus on level 7 of Gehenna)

   It can be evoked to summon fiery demons, with success rate depending on
   Evocations skill.
   Those summoned this way will remain friendly only for a limited time.
   The Shining One disapproves of the use of such an item.
Missiles
 d - 5 throwing nets
 e - 26 silver javelins
 j - 15 silver boomerangs
 D - 42 boomerangs (quivered)
 H - 3 boomerangs of dispersal
 N - 23 javelins
Armour
 F - the +1 buckler "Etrenk" (worn) {Dex+9}
   (You acquired it on level 5 of the Lair of Beasts)

   Dex:       It affects your dexterity (+9).
 K - the +1 hat of Fortitude (worn) {Int+4}
   (You found it in a volcano)

   Int:       It affects your intelligence (+4).
 R - +12 gold dragon scales (worn)
 S - a +2 cloak of fire resistance (worn)
 W - the +3 pair of gauntlets of War (worn) {Slay+5}
   (You found it in the Desolation of Salt)

   Slay:      It affects your accuracy & damage with ranged weapons and melee
   (+5).
 Y - the +1 pair of boots of Fahuq (worn) {+Blink Slay+5}
   (You found it in a Gauntlet)

   Slay:      It affects your accuracy & damage with ranged weapons and melee
   (+5).
   +Blink:    It lets you blink.
Jewellery
 a - the ring of Serendipity (right hand) {Fly rElec Will+++ MP-9 Stlth-}
   (You found it on level 9 of the Dungeon)

   [ring of flight]

   rElec:     It insulates you from electricity.
   MP:        It affects your magic capacity (-9).
   Fly:       It grants you flight.
   Will:      It greatly increases your willpower.
   Stlth:     It makes you less stealthy.
 l - the amulet "Ugatic" (around neck) {Reflect Regen+ Dex+2 SH+5 Stlth+}
   (You took it off a deep elf archer on level 3 of the Elven Halls)

   [amulet of reflection]

   It reflects blocked missile attacks.
   Dex:       It affects your dexterity (+2).
   Regen:     It increases your rate of health regeneration.
   SH:        It affects your SH (+5).
   Stlth:     It makes you more stealthy.
 U - a ring of resist corrosion (left hand)
 V - a +6 ring of intelligence
Wands
 q - a wand of digging (2)
 w - a wand of quicksilver (35)
 x - a wand of flame (57)
 y - a wand of polymorph (19)
 A - a wand of iceblast (28)
 P - a wand of mindburst (22)
Scrolls
 c - 3 scrolls of summoning
 h - 4 scrolls of butterflies
 k - 7 scrolls of enchant armour
 m - 45 scrolls of teleportation
 s - 13 scrolls of immolation
 u - 17 scrolls of poison
 v - 11 scrolls of vulnerability
 E - 15 scrolls of fear
 J - 15 scrolls of enchant weapon
 L - 10 scrolls of amnesia
 Q - 10 scrolls of magic mapping
 X - 4 scrolls of silence
 Z - 4 scrolls of brand weapon
Potions
 b - 9 potions of brilliance
 f - 9 potions of haste
 g - 10 potions of lignification
 i - 33 potions of curing
 n - 6 potions of might
 r - 11 potions of mutation
 t - 8 potions of attraction
 B - 14 potions of ambrosia
 G - 5 potions of berserk rage
 I - 6 potions of magic
 M - 14 potions of cancellation
 T - a potion of resistance
Miscellaneous
 p - a phantom mirror


   Skills:
 O Level 27 Fighting
 O Level 27 Long Blades
 + Level 18.7 Throwing
 - Level 20.0 Armour
 - Level 20.0 Dodging
 - Level 20.0 Shields
 + Level 17.0 Spellcasting
 - Level 15.0 Translocations
 - Level 15.0 Transmutations
 - Level 20.0 Invocations
 - Level 10.0 Evocations


You had 51 spell levels left.
You knew the following spells:

 Your Spells              Type           Power      Damage    Failure   Level
a - Wereblood             Tmut           42%        N/A       1%          2
b - Beastly Appendage     Tmut           84%        N/A       1%          1
c - Manifold Assault      Tloc           42%        N/A       9%          5
d - Apportation           Tloc           84%        N/A       1%          1

Your spell library contained the following spells:

 Spells                   Type           Power      Damage    Failure   Level
 Blink                    Tloc           84%        N/A       1%          2
 Gell's Gravitas          Tloc           42%        N/A       1%          3
 Lesser Beckoning         Tloc           42%        N/A       1%          3
 Teleport Other           Tloc           42%        N/A       1%          3
 Passage of Golubria      Tloc           42%        N/A       3%          4
 Sting                    Tmut/Pois      100%       1d8       6%          1
 Blade Hands              Tmut           21%        N/A       9%          5
 Passwall                 Tmut/Erth      20%        N/A       10%         2
 Portal Projectile        Hex/Tloc       50%        N/A       19%         3
 Spider Form              Tmut/Pois      25%        N/A       19%         3
 Dispersal                Tloc           21%        N/A       41%         6
 Ignite Poison            Fire/Tmut/Pois 20%        N/A       47%         3
 Ice Form                 Ice/Tmut       25%        N/A       54%         4
 Iskenderun's Mystic Bla  Conj/Tloc      25%        2d7       54%         4
 Foxfire                  Conj/Fire      36%        2x1d5     80%         1
 Magic Dart               Conj           36%        1d4       80%         1
 Necrotise                Necr           36%        1d5       80%         1
 Sandblast                Erth           18%        2d7       80%         1
 Slow                     Hex            36%        N/A       80%         1
 Summon Small Mammal      Summ           36%        N/A       80%         1
 Yara's Violent Unravell  Hex/Tmut       12%        3d7       87%         5
 Ensorcelled Hibernation  Hex/Ice        18%        N/A       91%         2
 Poisonous Vapours        Pois/Air       18%        N/A       91%         2
 Searing Ray              Conj           18%        2d5       91%         2
 Static Discharge         Conj/Air       9%         3-5/arc   91%         2
 Call Canine Familiar     Summ           9%         N/A       99%         3
 Confusing Touch          Hex            9%         N/A       99%         3
 Conjure Flame            Conj/Fire      9%         6-21      99%         3
 Dazzling Flash           Conj/Hex       18%        N/A       99%         3
 Frozen Ramparts          Ice            18%        1d3       99%         3
 Inner Flame              Hex/Fire       9%         N/A       99%         3
 Mephitic Cloud           Conj/Pois/Air  9%         N/A       99%         3
 Ozocubu's Armour         Ice            9%         N/A       99%         3
 Stone Arrow              Conj/Erth      18%        3d8       99%         3
 Summon Guardian Golem    Hex/Summ       9%         N/A       99%         3
 Tukima's Dance           Hex            9%         N/A       99%         3
 Vampiric Draining        Necr           9%         2d6       99%         3
 Anguish                  Hex/Necr       4%         N/A       100%        4
 Animate Armour           Summ/Erth      18%        N/A       100%        4
 Animate Dead             Necr           9%         N/A       100%        4
 Cause Fear               Hex            4%         N/A       100%        4
 Corpse Rot               Necr/Pois/Air  9%         N/A       100%        4
 Flame Wave               Conj/Fire      9%         2d6       100%        4
 Fulminant Prism          Conj/Hex       4%         3d6       100%        4
 Hailstorm                Conj/Ice       9%         3d4       100%        4
 Leda's Liquefaction      Hex/Erth       4%         N/A       100%        4
 Olgreb's Toxic Radiance  Pois           9%         N/A       100%        4
 Sticky Flame             Conj/Fire      9%         2d3       100%        4
 Summon Ice Beast         Ice/Summ       9%         N/A       100%        4
 Agony                    Necr           9%         N/A       100%        5
 Fireball                 Conj/Fire      4%         3d4       100%        5
 Freezing Cloud           Conj/Ice/Air   4%         6-21      100%        5
 Lee's Rapid Deconstruct  Erth           4%         3d6*      100%        5
 Lightning Bolt           Conj/Air       4%         1d16      100%        5
 Metabolic Englaciation   Hex/Ice        4%         N/A       100%        5
 Silence                  Hex/Air        4%         N/A       100%        5
 Iron Shot                Conj/Erth      4%         9d2       100%        6
 Simulacrum               Ice/Necr       4%         N/A       100%        6
 Starburst                Conj/Fire      4%         6d4       100%        6
 Statue Form              Tmut/Erth      16%        N/A       100%        6
 Haunt                    Necr/Summ      4%         N/A       100%        7
 Storm Form               Tmut/Air       12%        N/A       100%        7
 Discord                  Hex            4%         N/A       100%        8
 Disjunction              Tloc           21%        N/A       100%        8
 Infestation              Necr           4%         N/A       100%        8
 Lehudib's Crystal Spear  Conj/Erth      4%         10d3      100%        8
 Maxwell's Capacitive Co  Air            4%         ∞         100%        8
 Chain Lightning          Conj/Air       4%         3d6       100%        9
 Fire Storm               Conj/Fire      4%         8d1       100%        9
 Polar Vortex             Ice            4%         N/A       100%        9
 Shatter                  Erth           4%         3d8*      100%        9


Dungeon Overview and Level Annotations

Branches:
Dungeon (15/15)            Temple (1/1) D:7            Lair (5/5) D:8
 Shoals (4/4) Lair:2       Spider (4/4) Lair:3        Slime (5/5) Lair:4
    Orc (2/2) D:12            Elf (3/3) Orc:2        Vaults (5/5) D:13
  Crypt (3/3) Vaults:2       Tomb (1/3) Crypt:3      Depths (4/4) D:15
   Hell (visited)             Dis (6/7) Hell            Geh (7/7) Hell
    Coc (0/7) Hell            Tar (5/7) Hell            Zot (5/5) Depths:4
Ossuary (visited)         Volcano (visited)         Desolation (visited)
Gauntlet (visited)

Altars:
Ashenzari
Cheibriados
Dithmenos
Elyvilon
Fedhas
Gozag
Hepliaklqana
Kikubaaqudgha
Makhleb
Nemelex Xobeh
Okawaru
Qazlal
Ru
Sif Muna
Trog
Uskayaw
Vehumet
Wu Jian
Xom
Yredelemnul
Zin
The Shining One
Jiyva
Lugonu

Shops:
D:4 [!(   D:5 *   D:9 ((   D:10 :   Orc:2 (*?(   Elf:1 ?   Elf:2 (   Elf:3 [[[?
Shoals:1 *   Shoals:3 (   Vaults:1 =*(   Vaults:5 (

Portals:
Hell: Depths:1 Depths:2 Depths:3 Depths:4
Abyss: Depths:2 Depths:3 Depths:4
Pandemonium: Depths:1 Depths:2
Ziggurat: Depths:4

Annotations:
D:1 2 transporters
D:15 Roxanne


Innate Abilities, Weirdness & Mutations

You have a pair of horns on your head.
You reflexively headbutt those who attack you in melee.
You are mostly covered in iridescent scales. (AC +4)
Your body sometimes deteriorates upon taking damage.
You are somewhat resistant to further mutation.
You expend magic power (3 MP) to strengthen your wands.


Message History

The Tzitzimitl engulfs you but does no damage.
You block the Tzitzimitl's attack. You block the bone dragon's attack. x2
The bone dragon tramples you!
* * * LOW HITPOINT WARNING * * *
You hold your ground!
You block the tainted leviathan's attack.
The tainted leviathan completely misses you.
You block the Tzitzimitl's attack. The Tzitzimitl closely misses you.
Unknown command.
You slice the tainted leviathan!!
You break out of your daze!
You destroy the tainted leviathan!
The Shining One accepts your kill.
You feel better.
You feel your power returning.
You are engulfed in dark miasma.
You are more poisoned.
* * * LOW HITPOINT WARNING * * *
You feel extremely sick. The bone dragon closely misses you.
The bone dragon claws you but does no damage.
The bone dragon misses you. You block the Tzitzimitl's attack.
The Tzitzimitl completely misses you.
Your Spellcasting skill increases to level 17!
Activating: Cleansing Flame (0% risk of failure)
Press: ? - help, Dir - look around, f - activate The golden flame engulfs you but does no damage.
You resist.
The golden flame engulfs the Tzitzimitl!!!
The Tzitzimitl writhes in agony!
The Tzitzimitl is severely wounded.
The golden flame engulfs the bone dragon.
The bone dragon writhes in agony!
The bone dragon is moderately damaged.
You are engulfed in dark miasma.
You are lethally poisoned!
You feel as though you will be slow longer.
* * * LOW HITPOINT WARNING * * *
x2 You feel extremely sick.
The bone dragon completely misses you. The bone dragon claws you.
You die...

#......
#.....
#....#
#....#
#....# #####
#.... #...#
#.°#
#...#####1##
#....#..○(@#
#.......○D##
#.....^....#
############


You could see a bone dragon and a Tzitzimitl.

Vanquished Creatures
  Asmodeus (Geh:7)
  the Royal Jelly (Slime:5)
  9 dread liches
  the Serpent of Hell (Geh:7)
  10 ancient liches
  7 orbs of fire
  A juggernaut (Depths:3)
  Sojobo (Crypt:3)
  2 royal mummies (Tomb:1)
  5 Killer Klowns
  13 caustic shrikes
  2 curse toes
  Geryon (Hell)
  5 profane servitors
  13 golden dragons
  Arachne (Spider:2)
  24 bone dragons
  6 Brimstone Fiends
  5 electric golems
  2 iron giants (Dis:2)
  13 Tzitzimimeh
  8 doom hounds
  A shard shrike zombie (Crypt:3)
  12 hellephants
  16 tentacled monstrosities
  6 Hell Sentinels
  Rupert (Lair:5)
  A shard shrike skeleton (Abyss:4)
  25 Orb Guardians (Zot:5)
  3 walking crystal tomes
  28 searing wretches
  11 liches
  8 deep elf blademasters
  6 tainted leviathans
  20 titans
  21 acid blobs
  Asterion (Spider:2)
  6 quicksilver dragons
  14 deep elf master archers
  A walking frostbound tome (Abyss:4)
  7 death cobs
  Polyphemus (Shoals:2)
  A kraken (Abyss:4)
  Murray (Depths:2)
  33 tentacled starspawn
  2 Executioners (Abyss:3)
  10 sphinxes
  11 ancient champions
  9 tengu reavers
  Kirke (Shoals:2)
  9 azure jellies
  5 revenants
  6 draconian monks
  8 shadow dragons
  A daeva (Abyss:4)
  8 rockslimes
  4 deep elf sorcerers
  11 storm dragons
  The ghost of Vatovie the Impaler, a journeyman MiBe of Trog (Elf:1)
  7 draconian knights
  39 fire giants
  23 balrugs
  4 cacodemons
  8 emperor scorpions
  An imperial myrmidon (Desolation)
  30 frost giants
  11 quicksilver elementals
  2 caustic shrike zombies
  18 vault wardens
  4 draconian scorchers
  5 iron dragons
  48 very ugly things
  Louise (Depths:4)
  6 ghost moths
  3 orc warlords
  17 ghouls
  7 draconian shifters
  20 ironbound preservers
  3 curse skulls
  8 draconian annihilators
  4 draconian stormcallers
  12 war gargoyles
  10 reapers
  2 juggernaut zombies (Abyss:4)
  4 deep elf elementalists
  8 ironbound thunderhulks
  9 quicksilver oozes
  39 stone giants
  A starflower (Abyss:4)
  2 caustic shrike skeletons
  10 vampire knights
  2 eleionomae (Shoals:2)
  2 bennus (Tomb:1)
  2 juggernaut skeletons
  15 putrid mouths
  3 broodmothers
  13 green draconians
  Nessos (Lair:4)
  4 deep elf demonologists (Elf:3)
  An elemental wellspring (Hell)
  7 white draconians
  10 black draconians
  A bunyip (Abyss:4)
  A wendigo (Hell)
  7 deep elf annihilators
  2 entropy weavers
  9 red draconians
  9 yellow draconians
  A halazid warlock (Desolation)
  A minotaur (Gauntlet)
  6 eidola
  13 dire elephants
  5 spark wasps
  12 ettins
  2 spectral quicksilver dragons (Tar:1)
  3 merfolk javelineers (Shoals:4)
  14 purple draconians
  20 fire dragons
  A blizzard demon (Abyss:3)
  12 deep elf death magi
  4 merfolk impalers
  Josephine (D:14)
  A mummy priest (Tomb:1)
  9 iron golems
  3 ragged hierophants (Desolation)
  4 green deaths
  6 crystal guardians
  A spectral iron giant (Tar:3)
  5 spectral spriggans
  10 jiangshi
  A deep elf high priest (Vaults:3)
  14 yaktaur captains
  13 great orbs of eyes
  A spriggan zombie (Crypt:3)
  A spectral fenstrider witch (Tar:1)
  11 salamander tyrants
  2 hydras (Lair:5)
  17 rakshasas
  7 boulder beetles
  13 ice dragons
  9 peacekeepers
  11 servants of whispers (Desolation)
  An elf skeleton (Crypt:2)
  A spectral shadow dragon (Tar:1)
  2 caustic shrike simulacra (Abyss:4)
  36 vault guards
  17 centaur warriors
  A catoblepas (shapeshifter) (Elf:3)
  An ogre mage (Vaults:5)
  A spriggan skeleton (Crypt:1)
  2 merfolk avatars
  10 ironbound frosthearts
  2 radroaches (Spider:2)
  14 two-headed ogres
  11 spriggan air magi
  3 catoblepae
  An alligator snapping turtle (Shoals:3)
  9 satyrs
  2 jorogumos (Spider:4)
  4 death knights
  8 merfolk aquamancers
  2 naga warriors (Abyss:4)
  A spectral stone giant (Tar:1)
  30 dancing weapons
  A fenstrider witch skeleton (Crypt:2)
  17 death yaks
  4 death scarabs (Tomb:1)
  7 tengu warriors
  8 vampire magi
  12 deep troll shamans
  2 titan zombies (Crypt:3)
  8 spriggan berserkers
  11 deep troll earth magi
  59 hell hogs
  5 orc high priests
  Urug (Lair:4)
  58 thrashing horrors
  33 hell knights
  Sonja (Orc:2)
  19 deep elf knights
  8 sun demons
  8 spriggans
  2 crystal echidnas
  8 sixfirhies
  33 wretched stars
  5 spatial maelstroms
  A spectral bunyip (Tar:2)
  A salamander mystic (Depths:4)
  A golden dragon zombie (D:15)
  A sea snake (shapeshifter) (Depths:3)
  7 soul eaters
  8 iron trolls
  3 pharaoh ants
  A bunyip zombie (Crypt:2)
  An entropy weaver zombie (Crypt:2)
  5 shadow wraiths
  29 skeletal warriors
  57 deep trolls
  A sun moth (Spider:4)
  22 deep elf archers
  19 glowing orange brains
  A shadow demon (Abyss:4)
  A death drake (Abyss:3)
  7 sea snakes
  A bog body (Crypt:2)
  19 ironbound convokers
  16 wizards
  A glowing orange brain (shapeshifter) (Elf:3)
  15 orb spiders
  A spectral iron dragon (Tar:3)
  An anaconda skeleton (Crypt:1)
  8 flayed ghosts
  An anaconda zombie (Crypt:1)
  A spriggan simulacrum (Hell)
  11 steelbarb worms
  5 lindwurms
  A shadow dragon zombie (Crypt:2)
  7 phantasmal warriors
  Pikel (D:8)
  A lindwurm (shapeshifter) (Elf:1)
  A spectral hydra (Tar:3)
  28 necromancers
  9 orc knights
  A broodmother zombie (Crypt:1)
  15 harpies
  26 deep elf pyromancers
  11 manticores
  28 deep elf zephyrmancers
  2 spectral ettins
  A wolf spider (shapeshifter) (Depths:4)
  5 shining eyes
  2 salamanders
  8 orc sorcerers
  7 cyclopes
  11 oklob plants (Zot:1)
  A will-o-the-wisp (Abyss:2)
  51 ugly things
  21 wolf spiders
  25 fauns
  4 worldbinders
  3 elephants (Lair:5)
  38 moths of wrath
  An iron dragon skeleton (Crypt:1)
  A naga zombie (Crypt:3)
  5 apocalypse crabs
  A spectral alligator snapping turtle (Tar:1)
  2 spectral centaurs (Tar:1)
  6 water nymphs
  2 elephants (shapeshifter)
  Maurice (D:8)
  A titan simulacrum (Hell)
  5 guardian serpents
  A molten gargoyle (Desolation)
  4 merfolk sirens
  Joseph (D:7)
  2 torpor snails (Spider:2)
  2 black mambas
  21 vault sentinels
  A torpor snail (shapeshifter) (Depths:1)
  A stone giant skeleton (Crypt:2)
  4 gargoyles
  7 rust devils
  Maggie (Lair:1)
  A centaur skeleton (Crypt:3)
  5 eyes of devastation
  27 smoke demons
  A storm dragon simulacrum (Crypt:2)
  7 orange demons
  A dire elephant zombie (Abyss:4)
  3 unseen horrors
  4 cane toads
  13 hellions
  8 komodo dragons
  3 rime drakes (shapeshifter)
  A sea snake zombie (Crypt:2)
  14 demonic crawlers
  2 yaktaurs (shapeshifter) (Elf:1)
  An alligator snapping turtle skeleton (Crypt:2)
  4 kobold demonologists
  28 tormentors
  6 freezing wraiths
  26 yaktaurs
  10 hellwings
  An anaconda simulacrum (Hell)
  6 efreet
  A bunyip simulacrum (Hell)
  21 ancient zymes
  7 tengu conjurers
  An ice devil (Abyss:4)
  A polar bear (Lair:5)
  5 guardian mummies (Tomb:1)
  4 harpy zombies
  A spectral deep troll (Tar:1)
  6 red devils
  3 spectral harpies
  A troll (shapeshifter) (Abyss:4)
  3 meliai (D:13)
  8 wind drakes
  18 merfolk
  A queen bee (D:13)
  10 trolls
  A merfolk (shapeshifter) (Abyss:4)
  A minotaur skeleton (Crypt:1)
  A tengu simulacrum (Crypt:1)
  8 hornets
  Prince Ribbit (D:7)
  16 tarantellas
  A tyrant leech (shapeshifter) (Vaults:5)
  7 blink frogs
  2 ettin zombies
  2 polar bears (shapeshifter)
  A raiju (shapeshifter) (Elf:1)
  49 saltlings
  125 slime creatures
  4 harpy skeletons
  A slime creature (shapeshifter) (Vaults:5)
  72 raiju
  4 snapping turtles
  89 large abominations
  A hydra skeleton (Crypt:1)
  72 flying skulls
  2 spriggans (shapeshifter)
  147 starcursed masses
  4 centaur simulacra
  14 water elementals
  17 wraiths
  Sigmund (D:4)
  A culicivora (shapeshifter) (Abyss:4)
  20 culicivoras
  21 jumping spiders
  4 air elementals
  2 vampires
  46 small abominations
  5 wyverns
  A fire dragon skeleton (Crypt:1)
  11 ynoxinuls
  3 naga simulacra (Crypt:1)
  3 ushabtiu (Tomb:1)
  59 yaks
  5 shadows
  5 hogs (Shoals:2)
  9 fire bats
  Grum (D:10)
  6 fire elementals
  65 redbacks
  15 chaos spawn
  2 steam dragons
  21 golden eyes
  6 basilisks
  19 humans (D:13)
  19 neqoxecs
  3 spatial vortices
  2 acid dragons
  A demonspawn zombie (Crypt:2)
  3 harpy simulacra
  A naga (shapeshifter) (Elf:1)
  5 wargs
  2 swamp worms (Gauntlet)
  17 water moccasins
  A faun skeleton (Crypt:1)
  A hydra simulacrum (Hell)
  2 floating eyes (Depths:2)
  A meliai simulacrum (Gauntlet)
  44 orc warriors
  4 black bears
  5 sky beasts
  An ettin simulacrum (Hell)
  18 ogres
  37 wolves
  A wolf (shapeshifter) (Elf:1)
  13 centaurs
  2 phantoms
  6 kobold brigands
  2 elf zombies
  8 necrophages
  7 bullfrogs
  A bullfrog (shapeshifter) (Elf:1)
  2 scorpions
  A warg zombie (Crypt:2)
  2 earth elementals
  15 wights
  A troll zombie (Crypt:1)
  2 tengu zombies
  2 cyclops skeletons
  26 killer bees
  2 electric eels
  5 howler monkeys
  A crimson imp (Spider:3)
  3 centaur zombies
  7 quasits
  A wyvern simulacrum (Gauntlet)
  26 orc priests
  2 hounds (D:6)
  3 human zombies
  6 jellies
  3 gnoll boudas
  2 iron imps (Abyss:4)
  3 iguanas
  12 orc wizards
  6 hell rats (Hell)
  A boggart simulacrum (Gauntlet)
  9 mummies
  12 gnolls
  11 adders
  A steam dragon zombie (Crypt:1)
  A shadow imp (D:6)
  10 white imps
  10 ufetubi
  A jelly zombie (Crypt:2)
  3 worms
  A dart slug (D:3)
  91 orcs
  14 ball pythons
  11 endoplasms
  5 giant cockroaches
  10 goblins
  5 hobgoblins
  8 jackals
  3 quokkas
  6 bats
  3 frilled lizards
  2 gnoll zombies (Ossuary)
  3 goblin zombies (Ossuary)
  17 kobolds
  5 rats
  A bush (Zot:1)
  A creeping inferno (Geh:2)
  13 fire vortices
  A fungus (Lair:5)
  3 lurking horrors
  A plant (Lair:5)
  27 starspawn tentacles
  5 tentacles (Abyss:4)
4094 creatures vanquished.

Vanquished Creatures (collateral kills)
  An ancient lich (Crypt:3)
  A Tzitzimitl (Tar:1)
  A Brimstone Fiend (Geh:7)
  3 liches
  An Executioner (Abyss:4)
  2 cacodemons (Abyss:4)
  A stone giant (Crypt:3)
  A putrid mouth (Tar:1)
  A mummy priest (Tomb:1)
  A deep elf death mage (Crypt:3)
  A thrashing horror (Abyss:4)
  A deep elf archer (Crypt:3)
  An ancient zyme (Abyss:4)
  2 small abominations (Abyss:4)
  4 large abominations (Abyss:4)
22 creatures vanquished.

Vanquished Creatures (others)
  A sphinx (Tomb:1)
  A tentacled starspawn (Abyss:3)
  A fire giant (Geh:7)
  3 draconian knights
  2 frost giants
  An ironbound preserver (Vaults:3)
  3 thrashing horrors
  2 hell knights (Hell)
  2 deep elf knights
  A deep elf archer (Crypt:2)
  A bog body (Crypt:2)
  A fenstrider witch simulacrum (Hell)
  A deep elf pyromancer (Crypt:2)
  A faun (Shoals:4)
  A hornet (Depths:4)
  2 raiju
  A large abomination (Abyss:4)
  An air elemental (Elf:1)
  A flying skull (Abyss:3)
  2 fire bats
  A small abomination (Abyss:3)
  A necrophage (Crypt:3)
  A naga simulacrum (Hell)
  A starcursed mass (Depths:2)
  An orc priest (Orc:2)
  2 orc wizards (Orc:2)
  An orc (Vaults:5)
  2 creeping infernos
  A fire vortex (Geh:7)
  18 foxfires (Abyss:2)
  39 fungi
  3 lurking horrors
  223 plants
  53 starspawn tentacles
  4 tentacles (Abyss:4)
  2 withered plants (D:15)
382 creatures vanquished.

Grand Total: 4498 creatures vanquished

Notes
Turn   | Place    | Note
-------+----------+-------------------------------------------
     0 | D:1      | 333guts333 the Minotaur Gladiator began the quest for the
                  | Orb.
     0 | D:1      | Reached XP level 1. HP: 18/18 MP: 0/0
   144 | D:1      | Reached XP level 2. HP: 20/25 MP: 1/1
   937 | D:2      | Reached skill level 1 in Armour
   937 | D:2      | Reached XP level 3. HP: 30/30 MP: 2/2
  1961 | D:3      | Reached XP level 4. HP: 38/38 MP: 3/3
  2021 | D:3      | Found a white marble altar of Elyvilon.
  2184 | D:3      | Found a radiant altar of Vehumet.
  2342 | D:3      | Found a faded altar of an unknown god.
  2564 | D:4      | Noticed a phantom
  2579 | D:4      | Killed a phantom
  2580 | D:4      | Reached skill level 5 in Long Blades
  2580 | D:4      | Reached XP level 5. HP: 46/46 MP: 4/4
  2631 | D:4      | Reached XP level 6. HP: 6/52 MP: 5/5
  2935 | D:4      | Found Wilocou's Distillery.
  2954 | D:4      | Found Puafow's Armour Boutique.
  3020 | D:4      | Identified the ring of Isimimek {rPois rC+ Int-4 SInv
                  | Stlth+}
  3030 | D:4      | Noticed Sigmund
  3425 | D:4      | Killed Sigmund
  3732 | D:4      | Found Umyokh's Antique Weapon Shoppe.
  3774 | D:5      | Entered Level 5 of the Dungeon
  3827 | D:5      | Reached XP level 7. HP: 60/60 MP: 6/6
  3849 | D:5      | Found Harchuang's General Store.
  3905 | D:5      | Found a sand-covered staircase.
  3910 | D:5      | Reached skill level 5 in Dodging
  3926 | Ossuary  | Entered an ossuary
  4349 | Ossuary  | Reached skill level 5 in Fighting
  4588 | D:5      | Found an opulent altar of Gozag.
  4750 | D:5      | You fall into a shaft and drop 2 floors!
  4761 | D:7      | Noticed Joseph
  5071 | D:7      | Reached XP level 8. HP: 61/70 MP: 7/7
  5125 | D:7      | Reached skill level 5 in Armour
  5801 | D:5      | Found a glowing silver altar of Zin.
  5930 | D:5      | Found an ancient bone altar of Kikubaaqudgha.
  6285 | D:6      | Reached skill level 10 in Long Blades
  6394 | D:6      | Found a hide-covered altar of Uskayaw.
  6520 | D:6      | Found a large runed translucent door.
  6524 | D:6      | Noticed a gargoyle
  6525 | D:6      | Found a large runed translucent door.
  6559 | D:6      | Reached XP level 9. HP: 77/82 MP: 8/8
  6708 | D:6      | Reached skill level 1 in Invocations
  7010 | D:6      | Found a large runed translucent door.
  7010 | D:6      | Found a large runed translucent door.
  7069 | D:6      | Reached skill level 10 in Fighting
  7331 | D:6      | Found a snail-covered altar of Cheibriados.
  7501 | D:7      | Noticed Prince Ribbit
  7520 | D:7      | Killed Prince Ribbit
  7735 | D:7      | Found a staircase to the Ecumenical Temple.
  7781 | Temple   | Entered the Ecumenical Temple
  7906 | Temple   | Became a worshipper of Warmaster Okawaru
  8516 | D:7      | Reached skill level 5 in Throwing
  8553 | D:7      | Found a hazy altar of Hepliaklqana.
  8667 | D:7      | Killed Joseph
  8667 | D:7      | Reached * piety under Okawaru
  8668 | D:7      | Reached skill level 5 in Invocations
  8842 | D:6      | Reached XP level 10. HP: 54/93 MP: 9/13
  8853 | D:6      | Killed a gargoyle
  9118 | D:8      | Found a broken altar of Ashenzari.
  9641 | D:8      | Noticed a death yak
  9641 | D:8      | Noticed Pikel
  9669 | D:8      | Killed Pikel
  9735 | D:8      | Noticed a death yak
  9735 | D:8      | Noticed a death yak
  9736 | D:8      | Noticed a death yak
  9736 | D:8      | Noticed a death yak
  9771 | D:8      | Killed a death yak
  9783 | D:8      | Killed a death yak
  9783 | D:8      | Reached ** piety under Okawaru
  9802 | D:8      | Killed a death yak
  9822 | D:8      | Killed a death yak
  9822 | D:8      | Reached *** piety under Okawaru
  9844 | D:8      | Killed a death yak
  9844 | D:8      | Received a gift from Okawaru
  9845 | D:8      | Reached XP level 11. HP: 31/99 MP: 16/16
 10112 | D:8      | Found a staircase to the Lair.
 10656 | D:4      | Bought a glowing demon blade for 486 gold pieces
 10761 | D:8      | Noticed Maurice
 10774 | D:8      | Killed Maurice
 10915 | D:8      | Found a blossoming altar of Fedhas.
 11018 | D:9      | Found Etwoiliw's Antique Weapon Boutique.
 11029 | D:9      | Noticed a two-headed ogre
 11034 | D:9      | Killed a two-headed ogre
 11034 | D:9      | Reached **** piety under Okawaru
 11150 | D:9      | Noticed a two-headed ogre
 11160 | D:9      | Killed a two-headed ogre
 11161 | D:9      | Reached skill level 10 in Armour
 11239 | D:9      | Reached skill level 10 in Invocations
 11610 | D:9      | Reached skill level 1 in Evocations
 11847 | D:9      | Noticed a boulder beetle
 12035 | D:9      | Received a gift from Okawaru
 12052 | D:9      | Noticed a two-headed ogre
 12057 | D:9      | Killed a two-headed ogre
 12149 | D:9      | Reached ***** piety under Okawaru
 12204 | D:9      | Killed a boulder beetle
 12204 | D:9      | Received a gift from Okawaru
 12404 | D:9      | Identified the ring of Serendipity {Fly rElec Will+++ MP-9
                  | Stlth-}
 12421 | D:9      | Reached XP level 12. HP: 106/106 MP: 9/18
 12799 | D:9      | Noticed a two-headed ogre
 12835 | D:9      | Killed a two-headed ogre
 12835 | D:9      | Received a gift from Okawaru
 12915 | D:9      | Found Ynysuaw's Antique Weapon Boutique.
 13089 | D:9      | Found a stormy altar of Qazlal.
 13336 | D:10     | Entered Level 10 of the Dungeon
 13401 | D:10     | Noticed Grum
 13408 | D:10     | Killed Grum
 13573 | D:10     | Found a glowing golden altar of the Shining One.
 13644 | D:10     | Found a sacrificial altar of Ru.
 13719 | D:10     | Noticed a two-headed ogre
 13727 | D:10     | Killed a two-headed ogre
 13954 | D:10     | Identified the +3 war axe "Wume" {vorpal, +Blink rF+++ rN+
                  | Int-5}
 14046 | D:10     | Found Hicat's Tremendous Tomes.
 15106 | D:11     | Reached skill level 5 in Evocations
 15533 | D:12     | Reached ****** piety under Okawaru
 15556 | D:12     | Received a gift from Okawaru
 16139 | D:12     | Reached skill level 15 in Long Blades
 16362 | D:12     | Reached XP level 13. HP: 107/113 MP: 10/19
 16527 | D:12     | Found a staircase to the Orcish Mines.
 16848 | D:13     | Received a gift from Okawaru
 17220 | D:13     | Reached skill level 10 in Throwing
 17284 | D:13     | Identified the +8 mace of Success {freeze, Str+4} (Okawaru
                  | gifted it to you on level 13 of the Dungeon)
 17284 | D:13     | Received a gift from Okawaru
 18424 | D:13     | Received a gift from Okawaru
 18507 | D:13     | Found a gate to the Vaults.
 18926 | D:13     | Identified the +1 scale mail of Okawaru's Supremacy {Int+5}
                  | (Okawaru gifted it to you on level 13 of the Dungeon)
 18926 | D:13     | Received a gift from Okawaru
 19585 | D:14     | Reached XP level 14. HP: 45/124 MP: 12/21
 20631 | D:14     | Noticed Josephine
 20649 | D:14     | Killed Josephine
 20996 | D:15     | Entered Level 15 of the Dungeon
 21261 | D:15     | Reached skill level 1 in Shields
 21468 | D:15     | Found a staircase to the Depths.
 22611 | D:15     | Found an ancient bone altar of Kikubaaqudgha.
 22635 | D:15     | Identified Roxanne's Folio of Forms
 22635 | D:15     | Noticed Roxanne
 23230 | Orc:1    | Entered Level 1 of the Orcish Mines
 23242 | Orc:1    | Found a dark tunnel.
 23260 | Volcano  | Entered a volcano
 23311 | Volcano  | Identified the +1 hat of Fortitude {Int+4}
 23418 | Volcano  | Received a gift from Okawaru
 23809 | Orc:1    | You are sucked into a shaft and drop 1 floor!
 23809 | Orc:2    | Entered Level 2 of the Orcish Mines
 23881 | Orc:2    | Identified the +10 plate armour of the Buccaneer {rPois}
                  | (Okawaru gifted it to you on level 2 of the Orcish Mines)
 23881 | Orc:2    | Received a gift from Okawaru
 24644 | Orc:2    | Noticed Sonja
 24653 | Orc:2    | Killed Sonja
 24654 | Orc:2    | Reached skill level 5 in Shields
 24701 | Orc:2    | Noticed an orc warlord
 25548 | Orc:2    | Found Qyun's Magic Scroll Shop.
 25797 | Orc:2    | Found Disulaz's Antique Weapon Boutique.
 26442 | Orc:2    | Killed an orc warlord
 26541 | Orc:2    | Found Gozostro's Weapon Emporium.
 26876 | Orc:2    | Found a staircase to the Elven Halls.
 27042 | Orc:2    | Found Vowov's General Store.
 27060 | Orc:2    | Reached XP level 15. HP: 100/136 MP: 14/23
 27062 | Orc:2    | Bought a potion of heal wounds for 65 gold pieces
 27062 | Orc:2    | Bought a scroll of identify for 26 gold pieces
 27531 | Lair:1   | Entered Level 1 of the Lair of Beasts
 27684 | Lair:1   | Found a gate leading to a gauntlet.
 27698 | Gauntlet | Entered a Gauntlet
 27698 | Gauntlet | Found a transporter.
 27698 | Gauntlet | Found a transporter.
 27705 | Gauntlet | Found a transporter.
 27709 | Gauntlet | Found a transporter.
 27719 | Gauntlet | Found a transporter.
 27730 | Gauntlet | Found a transporter.
 27737 | Gauntlet | Found a transporter.
 27744 | Gauntlet | Found a transporter.
 27763 | Gauntlet | Found a transporter.
 27769 | Gauntlet | Found a transporter.
 27786 | Gauntlet | Found a transporter.
 27865 | Gauntlet | Found a transporter.
 28132 | Gauntlet | Received a gift from Okawaru
 28146 | Gauntlet | Identified the +1 pair of boots of Fahuq {+Blink Slay+5}
 28198 | Gauntlet | Identified the +3 mace "Huff" {vorpal, rC- Will+ Dex+3}
 28368 | Lair:1   | Noticed Maggie
 28378 | Lair:1   | Killed Maggie
 28813 | Lair:2   | Reached skill level 10 in Dodging
 29230 | Lair:2   | Found a staircase to the Shoals.
 29242 | Lair:2   | Received a gift from Okawaru
 29960 | Lair:3   | Found a hole to the Spider Nest.
 31280 | Lair:4   | Noticed Nessos
 31292 | Lair:4   | Killed Nessos
 31540 | Lair:4   | Found a runed translucent door.
 31542 | Lair:4   | Found a viscous altar of Jiyva.
 31544 | Lair:4   | Found a staircase to the Slime Pits.
 31545 | Lair:4   | Noticed Urug
 31557 | Lair:4   | Killed Urug
 31670 | Lair:5   | Entered Level 5 of the Lair of Beasts
 31711 | Lair:5   | Reached skill level 10 in Shields
 32065 | Lair:5   | Received a gift from Okawaru
 32228 | Lair:5   | Received a gift from Okawaru
 32246 | Lair:5   | Identified the +0 plate armour "Ywe Viok" {rF++ rCorr}
 32252 | Lair:5   | Identified a scroll of acquirement
 32266 | Lair:5   | Acquired the +1 buckler "Etrenk" {Dex+9}
 32366 | Lair:5   | Received a gift from Okawaru
 32648 | Lair:5   | Noticed Rupert
 33065 | Lair:5   | Killed Rupert
 33425 | Spider:1 | Entered Level 1 of the Spider Nest
 33676 | Spider:1 | Received a gift from Okawaru
 33689 | Spider:1 | Reached XP level 16. HP: 141/147 MP: 16/25
 34205 | Spider:1 | Reached skill level 15 in Fighting
 34405 | Spider:1 | Received a gift from Okawaru
 35136 | Spider:2 | Noticed Arachne
 35148 | Spider:2 | Killed Arachne
 35148 | Spider:2 | Identified the +10 crystal plate armour of the Desolation
                  | of Salt {rPois Will+ Dex-5} (Okawaru gifted it to you on
                  | level 2 of the Spider Nest)
 35148 | Spider:2 | Received a gift from Okawaru
 36062 | Spider:2 | Noticed Asterion
 36085 | Spider:2 | Killed Asterion
 36388 | Spider:2 | Reached skill level 15 in Shields
 37288 | Spider:3 | Reached skill level 1 in Spellcasting
 37306 | Spider:3 | Received a gift from Okawaru
 37319 | Spider:3 | Reached skill level 15 in Invocations
 37692 | Spider:3 | Received a gift from Okawaru
 37962 | Spider:3 | Identified the +0 plate armour of Chill Winds {rElec rC-
                  | Str-2 Stlth+} (Okawaru gifted it to you on level 3 of the
                  | Spider Nest)
 37962 | Spider:3 | Received a gift from Okawaru
 38451 | Spider:4 | Entered Level 4 of the Spider Nest
 38747 | Spider:4 | Reached XP level 17. HP: 132/156 MP: 18/27
 39034 | Spider:4 | Reached skill level 1 in Translocations
 39124 | Spider:4 | Reached skill level 5 in Spellcasting
 39581 | Spider:4 | Got a gossamer rune of Zot
 40046 | Spider:4 | Received a gift from Okawaru
 40582 | Shoals:1 | Entered Level 1 of the Shoals
 40633 | Shoals:1 | Identified the +2 ring mail "Fyvol" {rElec} (Okawaru gifted
                  | it to you on level 1 of the Shoals)
 40633 | Shoals:1 | Received a gift from Okawaru
 40699 | Shoals:1 | Found Caarem's Assorted Antiques.
 40707 | Shoals:1 | Bought a potion of heal wounds for 145 gold pieces
 40754 | Shoals:1 | Reached skill level 1 in Transmutations
 41685 | Shoals:2 | Noticed Kirke
 41707 | Shoals:2 | Killed Kirke
 41998 | Shoals:2 | Identified the +10 hand axe of the Evening {elec, Str+5
                  | Dex+3}
 41998 | Shoals:2 | Identified the +2 sling "Osupridd" {flame, rElec rC+ rCorr}
 42102 | Shoals:2 | Noticed Polyphemus
 42125 | Shoals:2 | Killed Polyphemus
 43163 | Shoals:3 | Received a gift from Okawaru
 43482 | Shoals:3 | Reached skill level 5 in Transmutations
 43583 | Shoals:3 | Found Xeucre's Antique Weapon Boutique.
 43932 | Shoals:3 | Reached XP level 18. HP: 120/163 MP: 19/28
 44351 | Shoals:4 | Entered Level 4 of the Shoals
 45449 | Shoals:4 | Identified the +8 great sword "Oweannan" {flame, rC- Will+
                  | Dex+2} (Okawaru gifted it to you on level 4 of the Shoals)
 45449 | Shoals:4 | Received a gift from Okawaru
 45780 | Shoals:4 | Identified the +6 flail of Wondrous Power {venom, Str+4}
 46300 | Shoals:4 | Got the Treatise on Wanderlust
 46487 | Shoals:4 | Identified the amulet of Mecimmic {RegenMP Fly Dex+2}
 46501 | Shoals:4 | Got a barnacled rune of Zot
 47407 | Elf:1    | Entered Level 1 of the Elven Halls
 47692 | Elf:1    | Received a gift from Okawaru
 47851 | Elf:1    | Found Baphied's Magic Scroll Shoppe.
 47855 | Elf:1    | Bought a scroll of teleportation for 42 gold pieces
 47855 | Elf:1    | Bought a scroll of fear for 56 gold pieces
 48088 | Elf:1    | Paralysed by an air elemental for 1 turns
 48772 | Elf:1    | You are sucked into a shaft and drop 1 floor!
 48985 | Elf:2    | Received a gift from Okawaru
 49058 | Elf:2    | Found a runed translucent gate.
 49058 | Elf:2    | Found a runed translucent gate.
 49059 | Elf:2    | Found a runed translucent gate.
 49586 | Elf:2    | Received a gift from Okawaru
 49766 | Elf:2    | Paralysed by an air elemental for 1 turns
 49835 | Elf:1    | Identified the +5 fire dragon scales of Dramatic Exits
                  | {rF++ rC- Int+5} (Okawaru gifted it to you on level 1 of
                  | the Elven Halls)
 49835 | Elf:1    | Received a gift from Okawaru
 49880 | Elf:1    | Paralysed by an air elemental for 1 turns
 50117 | Elf:1    | Found a runed translucent gate.
 50117 | Elf:1    | Found a runed translucent gate.
 50118 | Elf:1    | Found a runed translucent gate.
 50130 | Elf:1    | Noticed a tentacled monstrosity
 50263 | Elf:1    | Noticed a tentacled monstrosity
 50295 | Elf:2    | Found Waoneih's Antique Weapon Boutique.
 50510 | Elf:2    | Learned a level 5 spell: Metabolic Englaciation
 50512 | Elf:2    | Learned a level 1 spell: Beastly Appendage
 50515 | Elf:2    | Learned a level 2 spell: Wereblood
 50665 | Elf:3    | Entered Level 3 of the Elven Halls
 50668 | Elf:3    | Paralysed by an air elemental for 1 turns
 50668 | Elf:3    | Found Vuet Unn's Magic Scroll Shoppe.
 50839 | Elf:3    | Reached XP level 19. HP: 164/170 MP: 22/31
 50926 | Elf:3    | Paralysed by an air elemental for 1 turns
 50928 | Elf:3    | Found Sagacs's Armour Emporium.
 50976 | Elf:3    | Found Ecuosus's Antique Armour Emporium.
 50981 | Elf:3    | Bought a pair of scorched gloves for 351 gold pieces
 50981 | Elf:3    | Identified the +0 pair of gloves of Bedevilment {rF++
                  | Will++ Str-3} (You bought it in a shop on level 3 of the
                  | Elven Halls)
 51258 | Elf:3    | Reached skill level 10 in Spellcasting
 51318 | Elf:3    | Identified the +9 triple sword "Hirich" {speed, Str+2}
 51416 | Elf:3    | Noticed a Tzitzimitl
 51555 | Elf:3    | Identified the amulet "Ugatic" {Reflect Regen+ Dex+2 SH+5
                  | Stlth+}
 51627 | Elf:3    | Reached skill level 10 in Transmutations
 51834 | Elf:3    | Identified the amulet of Yesterday {Faith Int+6}
 51839 | Elf:3    | Identified the +4 scale mail of the Slorg {rPois Str-2
                  | Int+4}
 51844 | Elf:3    | Identified the +1 chain mail of Lust {rF+ rC++ MP-9}
 51868 | Elf:3    | Noticed a Tzitzimitl
 51966 | Elf:3    | Identified the +0 pair of gloves "Kami" {Str+6}
 52134 | Elf:3    | Identified the +6 hand axe of Fundamental Breach {chaos,
                  | rN++ Will+}
 52250 | Elf:3    | Found Utazxi's Antique Armour Emporium.
 52539 | Vaults:1 | Entered Level 1 of the Vaults
 52754 | Vaults:1 | Received a gift from Okawaru
 52954 | Vaults:1 | Received a gift from Okawaru
 53233 | Vaults:1 | Identified the ring "Poifilaf" {rC- rN+ MP+9 Dex+6 Stlth+}
 53275 | Abyss:2  | Cast into level 2 of the Abyss (hell knight)
 53415 | Abyss:2  | Paralysed by accursed screaming for 1 turns
 53553 | Abyss:2  | Identified the +9 scimitar of Defence by Offence {vorpal,
                  | rC+ Dex-2 SInv} (Okawaru gifted it to you on level 2 of the
                  | Abyss)
 53553 | Abyss:2  | Received a gift from Okawaru
 53794 | Vaults:1 | Escaped the Abyss
 53858 | Vaults:1 | Identified the +6 shortbow "Enwul" {freeze, rC+ Str+5
                  | Dex+3}
 53982 | Vaults:1 | Found Denwas's Weapon Boutique.
 54302 | Vaults:1 | Found Jicwoupu's General Store.
 54592 | Vaults:1 | Received a gift from Okawaru
 54593 | Vaults:1 | Reached XP level 20. HP: 118/178 MP: 24/33
 54650 | Vaults:1 | Found Onirgh's Jewellery Shoppe.
 54955 | Vaults:2 | Identified the quicksilver dragon scales "Rudir" {Will+
                  | MP+9 Str+4}
 55634 | Vaults:2 | Identified the +3 great sword of Tigoc {flame, Will+ Str+3}
 55928 | Vaults:2 | Found a staircase to the Crypt.
 56504 | Vaults:3 | Received a gift from Okawaru
 57120 | Vaults:3 | Received a gift from Okawaru
 57392 | Vaults:3 | Received a gift from Okawaru
 58050 | Vaults:4 | HP: 3/178 [deep troll[an ironbound preserver] (10)]
 58073 | Vaults:4 | Reached skill level 15 in Transmutations
 58157 | Vaults:4 | Reached XP level 21. HP: 90/184 MP: 25/34
 58340 | Vaults:4 | Found a crumbling gateway.
 58351 | Desolati | Entered the Desolation of Salt
 58633 | Desolati | Received a gift from Okawaru
 58761 | Desolati | Identified the ring "Ecuaxt" {rF+ rC- Will++ Str-4 Slay+3}
 58767 | Desolati | Identified the +3 battleaxe of the Badger {flame, Str+3}
 58768 | Desolati | Identified the amulet "Kontawakk" {Regen+ Int+2}
 58778 | Desolati | Got the Compendium of Hurting
 58894 | Desolati | Identified the amulet "Goatzu" {Spirit Str+4 Dex+7 Stlth+}
 58900 | Desolati | Identified the +7 broad axe "Vuomyn" {vorpal, rN+ Int+4}
 58934 | Desolati | Received a gift from Okawaru
 58968 | Desolati | Found the +3 pair of gauntlets of War {Slay+5}
 58977 | Desolati | Identified the +1 plate armour "Siutt" {rF+ Str+4}
 58987 | Desolati | Got the Excursus on the Torrid Chill
 59324 | Vaults:4 | Received a gift from Okawaru
 59600 | Vaults:4 | Received a gift from Okawaru
 60125 | Vaults:5 | Entered Level 5 of the Vaults
 60137 | Vaults:5 | HP: 13/277 [vault guard/+1 broad axe of flaming (7)]
 60138 | Arena    | Entered the Arena
 60539 | Vaults:5 | Noticed a golden dragon
 60759 | Vaults:4 | Killed a golden dragon
 60759 | Vaults:4 | Received a gift from Okawaru
 61479 | Slime:1  | Entered Level 1 of the Pits of Slime
 63108 | Slime:3  | Reached XP level 22. HP: 162/200 MP: 26/35
 63276 | Slime:3  | Received a gift from Okawaru
 63713 | Slime:4  | Identified the +0 crystal plate armour "Geczoh" {-Cast Harm
                  | rCorr Dex+2} (Okawaru gifted it to you on level 4 of the
                  | Pits of Slime)
 63713 | Slime:4  | Received a gift from Okawaru
 64021 | Slime:5  | Entered Level 5 of the Pits of Slime
 64056 | Slime:5  | Noticed the Royal Jelly
 65598 | Vaults:5 | Reached skill level 15 in Armour
 65886 | Vaults:5 | Received a gift from Okawaru
 65924 | Vaults:5 | Noticed an ancient lich
 65940 | Vaults:5 | Killed an ancient lich
 66208 | Vaults:5 | Identified the +6 trident of Piyloaf {flame, rPois Int+3}
 66373 | Vaults:5 | Received a gift from Okawaru
 66446 | Vaults:5 | Got a silver rune of Zot
 66830 | Vaults:5 | Identified the +1 cloak of Ornamental Curiosity {Harm
                  | Str+3}
 66867 | Vaults:5 | Reached skill level 15 in Throwing
 66881 | Vaults:5 | Reached XP level 23. HP: 129/215 MP: 20/36
 66963 | Vaults:5 | Found Louzaneg's Weapon Shoppe.
 66975 | Vaults:5 | Identified the +1 chain mail of the Special Seas {rC+}
 66977 | Vaults:5 | Identified the +1 cloak of the Untouchables {Harm Regen+}
 66978 | Vaults:5 | Identified the +1 plate armour "Pelischax" {rF+}
 67279 | Vaults:5 | Identified the +1 flail "Duitimor" {freeze, Int+2}
 67930 | Slime:5  | Killed the Royal Jelly
 67930 | Slime:5  | Received a gift from Okawaru
 68533 | Slime:5  | Identified the ring of the Villain {*Slow rF- rN+++ Str+3
                  | SInv}
 68605 | Slime:5  | Got a slimy rune of Zot
 68657 | Slime:5  | Identified the +6 chain mail of Indemnity {rPois}
 68666 | Slime:5  | Identified the +5 quarterstaff of Vumn {spect, rN++}
 68678 | Slime:5  | Identified the +4 arbalest "Maga" {flame, Will+ Str+6}
 68966 | D:4      | Bought 2 potions of curing for 66 gold pieces
 68966 | D:4      | Bought a potion of magic for 88 gold pieces
 68966 | D:4      | Bought a potion of heal wounds for 55 gold pieces
 68966 | D:4      | Bought a potion of heal wounds for 55 gold pieces
 69320 | Elf:1    | Found a runed translucent gate.
 69320 | Elf:1    | Found a runed translucent gate.
 69323 | Elf:1    | Found a runed translucent gate.
 69328 | Elf:1    | Noticed Vatovie's ghost (journeyman MiBe)
 69357 | Elf:1    | Killed Vatovie's ghost
 69387 | Elf:1    | Identified the +2 pair of gloves of Vampiric Thralls {rPois
                  | rC- Will+ Slay+6}
 69391 | Elf:1    | Gained mutation: You are dopey. (Int -2) [mutagenic glow]
 69399 | Elf:1    | Gained mutation: Your body sometimes deteriorates upon
                  | taking damage. [mutagenic glow]
 69417 | Elf:1    | Gained mutation: Your muscles are strong. (Str +4, Int/Dex
                  | -1) [mutagenic glow]
 69424 | Elf:1    | Gained mutation: You sometimes lose your temper in combat.
                  | [mutagenic glow]
 69442 | Elf:1    | Gained mutation: Armour fits poorly on your strangely
                  | shaped body. [mutagenic glow]
 69511 | Elf:1    | Lost mutation: You sometimes lose your temper in combat.
                  | [potion of mutation]
 69511 | Elf:1    | Lost mutation: Your body sometimes deteriorates upon taking
                  | damage. [potion of mutation]
 69511 | Elf:1    | Lost mutation: You are dopey. (Int -2) [potion of mutation]
 69511 | Elf:1    | Gained mutation: You possess an exceptional clarity of
                  | mind. [potion of mutation]
 69511 | Elf:1    | Gained mutation: You have large cloven feet. [potion of
                  | mutation]
 69512 | Elf:1    | Lost mutation: You have large cloven feet. [potion of
                  | mutation]
 69512 | Elf:1    | Lost mutation: Your muscles are strong. (Str +4, Int/Dex
                  | -1) [potion of mutation]
 69512 | Elf:1    | Gained mutation: You have hidden genetic defects. [potion
                  | of mutation]
 69512 | Elf:1    | Gained mutation: You do not regenerate when monsters are
                  | visible. [potion of mutation]
 69513 | Elf:1    | Lost mutation: You have hidden genetic defects. [potion of
                  | mutation]
 69513 | Elf:1    | Lost mutation: Armour fits poorly on your strangely shaped
                  | body. [potion of mutation]
 69513 | Elf:1    | Lost mutation: You possess an exceptional clarity of mind.
                  | [potion of mutation]
 69513 | Elf:1    | Gained mutation: You expend magic power (3 MP) to
                  | strengthen your wands. [potion of mutation]
 69513 | Elf:1    | Gained mutation: You are frail. (-10% HP) [potion of
                  | mutation]
 69513 | Elf:1    | Gained mutation: You are strong-willed. (Will+) [potion of
                  | mutation]
 69514 | Elf:1    | Lost mutation: You do not regenerate when monsters are
                  | visible. [potion of mutation]
 69514 | Elf:1    | Lost mutation: You are frail. (-10% HP) [potion of
                  | mutation]
 69514 | Elf:1    | Lost mutation: You are strong-willed. (Will+) [potion of
                  | mutation]
 69514 | Elf:1    | Gained mutation: You are partially covered in iridescent
                  | scales. (AC +2) [potion of mutation]
 69514 | Elf:1    | Gained mutation: You are somewhat resistant to further
                  | mutation. [potion of mutation]
 69514 | Elf:1    | Gained mutation: You are mostly covered in iridescent
                  | scales. (AC +4) [potion of mutation]
 69701 | Orc:2    | Bought a scroll of enchant armour for 82 gold pieces
 69701 | Orc:2    | Bought a scroll of enchant armour for 82 gold pieces
 69701 | Orc:2    | Bought a scroll of teleportation for 33 gold pieces
 69760 | Orc:2    | Bought a scroll of enchant weapon for 97 gold pieces
 69873 | Elf:3    | Bought a scroll of silence for 161 gold pieces
 69873 | Elf:3    | Bought a scroll of silence for 161 gold pieces
 69873 | Elf:3    | Bought a scroll of enchant armour for 127 gold pieces
 69873 | Elf:3    | Bought a scroll of fear for 68 gold pieces
 70353 | Depths:1 | Entered Level 1 of the Depths
 70404 | Depths:1 | Received a gift from Okawaru
 70782 | Depths:1 | Received a gift from Okawaru
 71135 | Depths:1 | Identified the +2 rapier of the Establishment {speed, rElec
                  | rF+}
 71181 | Depths:1 | Found a sacrificial altar of Ru.
 71319 | Depths:1 | Found a gateway to Hell.
 71425 | Depths:1 | Found a one-way gate leading to the halls of Pandemonium.
 71504 | Depths:2 | Paralysed by a floating eye for 2 turns
 71512 | Depths:2 | Paralysed by a floating eye for 2 turns
 71708 | Depths:2 | Received a gift from Okawaru
 71755 | Depths:1 | Received a gift from Okawaru
 71755 | Depths:1 | Found the +18 Lear's hauberk
 71957 | Depths:2 | Identified the ring of Neurosis {rC+ Will- MP+9 Int+3 SInv}
 72038 | Depths:1 | Reached XP level 24. HP: 88/224 MP: 28/37
 72458 | Depths:2 | Paralysed by a floating eye for 4 turns
 72714 | Depths:2 | Found a corrupted altar of Lugonu.
 72714 | Depths:2 | Found a one-way gate to the infinite horrors of the Abyss.
 73299 | Depths:3 | Found a shimmering altar of Xom.
 73299 | Depths:3 | Found a shadowy altar of Dithmenos.
 73300 | Depths:3 | Found a sparkling altar of Nemelex Xobeh.
 73390 | Depths:3 | Reached skill level 10 in Evocations
 73413 | Depths:3 | Received a gift from Okawaru
 73647 | Depths:3 | Received a gift from Okawaru
 73714 | Depths:3 | Identified the amulet "Gizareav" {+Inv Regen+ Str+4}
 73764 | Depths:3 | Identified the +0 plate armour of Arieg {rF++ MP+9 Int-4
                  | Dex+2}
 73871 | Depths:3 | Received a gift from Okawaru
 73883 | Depths:3 | Reached skill level 15 in Dodging
 74069 | Depths:3 | Received a gift from Okawaru
 74103 | Depths:3 | Noticed a juggernaut
 74112 | Depths:3 | Killed a juggernaut
 74135 | Depths:3 | Received a gift from Okawaru
 74549 | Depths:4 | Entered Level 4 of the Depths
 74858 | Depths:4 | Noticed Louise
 74874 | Depths:4 | Killed Louise
 75081 | Depths:4 | Reached XP level 25. HP: 221/231 MP: 31/40
 75253 | Depths:4 | Found a gate to the Realm of Zot.
 75411 | Depths:4 | Found a one-way gateway to a ziggurat.
 75709 | Zot:1    | Entered Level 1 of the Realm of Zot
 76149 | Zot:1    | Identified the +2 cloak of Dramatic Exits {Int+6 SInv}
                  | (Okawaru gifted it to you on level 1 of the Realm of Zot)
 76149 | Zot:1    | Received a gift from Okawaru
 76150 | Zot:1    | Reached skill level 15 in Spellcasting
 77636 | Zot:2    | Identified the +5 plate armour "Kareetoq" {rC- Dex+6}
 77641 | Zot:2    | Found a huge runed gate.
 77641 | Zot:2    | Found a huge runed gate.
 77641 | Zot:2    | Found a huge runed gate.
 77641 | Zot:2    | Found a huge runed gate.
 77643 | Zot:2    | Found a huge runed gate.
 77644 | Zot:2    | Found a huge runed gate.
 77645 | Zot:2    | Found a huge runed gate.
 77645 | Zot:2    | Found a huge runed gate.
 77647 | Zot:2    | Found a huge runed gate.
 77647 | Zot:2    | Found a huge runed gate.
 77647 | Zot:2    | Found a huge runed gate.
 77647 | Zot:2    | Found a huge runed gate.
 77649 | Zot:2    | Found a huge runed gate.
 77650 | Zot:2    | Found a huge runed gate.
 77658 | Zot:2    | Found a huge runed gate.
 77658 | Zot:2    | Found a huge runed gate.
 77658 | Zot:2    | Found a huge runed gate.
 77658 | Zot:2    | Found a huge runed gate.
 77658 | Zot:2    | Found a huge runed gate.
 77658 | Zot:2    | Found a huge runed gate.
 77659 | Zot:2    | Found a huge runed gate.
 77739 | Zot:2    | Found a huge runed gate.
 77740 | Zot:2    | Found a huge runed gate.
 77741 | Zot:2    | Found a huge runed gate.
 77742 | Zot:2    | Found a huge runed gate.
 77743 | Zot:2    | Found a huge runed gate.
 77756 | Zot:2    | Found a huge runed gate.
 77756 | Zot:2    | Found a huge runed gate.
 77756 | Zot:2    | Found a huge runed gate.
 77756 | Zot:2    | Found a huge runed gate.
 77756 | Zot:2    | Found a huge runed gate.
 77757 | Zot:2    | Found a huge runed gate.
 77758 | Zot:2    | Found a huge runed gate.
 77759 | Zot:2    | Found a huge runed gate.
 77760 | Zot:2    | Found a huge runed gate.
 77840 | Zot:2    | Found a huge runed gate.
 78056 | Zot:2    | You are sucked into a shaft and drop 2 floors!
 78527 | Zot:2    | Noticed an orb of fire
 78527 | Zot:2    | Noticed a dread lich
 78527 | Zot:2    | Noticed an orb of fire
 78528 | Arena    | Entered the Arena
 78539 | Arena    | Killed an orb of fire
 78546 | Zot:2    | Noticed a Killer Klown
 78546 | Zot:2    | Noticed a Killer Klown
 78556 | Arena    | Entered the Arena
 78563 | Arena    | Killed an orb of fire
 78590 | Zot:2    | Received a gift from Okawaru
 78593 | Zot:2    | Killed a Killer Klown
 78594 | Zot:2    | Killed a Killer Klown
 78594 | Zot:2    | Killed a dread lich
 79505 | Zot:3    | Reached XP level 26. HP: 235/239 MP: 32/41
 79960 | Zot:4    | Received a gift from Okawaru
 80641 | Zot:5    | Entered Level 5 of the Realm of Zot
 81015 | Zot:5    | Noticed an orb of fire
 81019 | Zot:5    | Gained mutation: Your body sometimes deteriorates upon
                  | taking damage. [an orb of fire]
 81031 | Zot:5    | Killed an orb of fire
 81344 | Zot:5    | Noticed a dread lich
 81356 | Zot:5    | Killed a dread lich
 81356 | Zot:5    | Received a gift from Okawaru
 81629 | Zot:5    | Received a gift from Okawaru
 81629 | Zot:5    | Found the +8 longbow "Zephyr" {speed, Dex+3 SInv}
 81642 | Zot:5    | Noticed a dread lich
 81655 | Zot:5    | Noticed a dread lich
 81655 | Zot:5    | Noticed an ancient lich
 81670 | Zot:5    | Killed a dread lich
 81680 | Zot:5    | Killed a dread lich
 81687 | Zot:5    | Killed an ancient lich
 81773 | Zot:5    | Noticed a dread lich
 81783 | Zot:5    | Killed a dread lich
 81919 | Zot:5    | Noticed an ancient lich
 81934 | Zot:5    | Killed an ancient lich
 82051 | Zot:5    | Received a gift from Okawaru
 82052 | Zot:5    | Identified the +5 long sword of Eggoj {protect, rN+ Str-5
                  | Int+9}
 82120 | Zot:5    | Received a gift from Okawaru
 82250 | Zot:5    | Noticed a dread lich
 82250 | Zot:5    | Noticed an orb of fire
 82267 | Zot:5    | Killed an orb of fire
 82275 | Zot:5    | Killed a dread lich
 82275 | Zot:5    | Received a gift from Okawaru
 82389 | Zot:5    | Noticed an orb of fire
 82404 | Zot:5    | Killed an orb of fire
 82452 | Zot:5    | Noticed an orb of fire
 82467 | Zot:5    | Killed an orb of fire
 82493 | Zot:5    | Noticed an ancient lich
 82504 | Zot:5    | Killed an ancient lich
 82504 | Zot:5    | Received a gift from Okawaru
 82947 | Zot:5    | Reached XP level 27. HP: 241/246 MP: 32/41
 82977 | Zot:5    | Noticed an orb of fire
 82996 | Zot:5    | Killed an orb of fire
 83546 | D:10     | Fell from the grace of Okawaru
 83546 | D:10     | Became a worshipper of the Shining One
 84189 | Crypt:1  | Entered Level 1 of the Crypt
 84362 | Crypt:1  | Reached * piety under the Shining One
 84400 | Crypt:1  | Reached ** piety under the Shining One
 84807 | Crypt:1  | Reached *** piety under the Shining One
 85028 | Crypt:1  | Reached skill level 5 in Translocations
 85101 | Crypt:1  | Reached **** piety under the Shining One
 85203 | Crypt:1  | Learned a level 3 spell: Vampiric Draining
 85281 | Crypt:2  | Reached ***** piety under the Shining One
 85617 | Crypt:2  | Reached ****** piety under the Shining One
 86475 | Crypt:3  | Entered Level 3 of the Crypt
 86898 | Crypt:3  | Noticed an ancient lich
 86899 | Crypt:3  | Found an ancient bone altar of Kikubaaqudgha.
 86903 | Crypt:3  | Killed an ancient lich
 87380 | Crypt:3  | Noticed Sojobo
 87414 | Crypt:3  | Paralysed by an air elemental for 1 turns
 87427 | Crypt:3  | Paralysed by an air elemental for 1 turns
 87433 | Crypt:3  | Killed Sojobo
 87521 | Crypt:3  | Reached skill level 10 in Translocations
 87858 | Crypt:3  | Found a staircase to the Tomb.
 88396 | Depths:2 | Voluntarily entered the Abyss.
 88565 | Abyss:2  | Learned a level 5 spell: Manifold Assault
 89456 | Abyss:3  | Learned a level 1 spell: Apportation
 89517 | Abyss:3  | Found a corrupted altar of Lugonu.
 89944 | Abyss:3  | Was forgiven by Okawaru
 90549 | Abyss:3  | Found a burning altar of Makhleb.
 90823 | Abyss:3  | Noticed a dread lich
 90828 | Abyss:4  | Found a corrupted altar of Lugonu.
 91101 | Abyss:4  | Paralysed by accursed screaming for 1 turns
 91339 | Abyss:4  | Got an abyssal rune of Zot
 91346 | Depths:2 | Escaped the Abyss
 91455 | Hell     | Entered the Vestibule of Hell
 91455 | Hell     | Noticed Geryon
 91490 | Depths:2 | Acquired a manual of Invocations
 91532 | Hell     | Noticed Murray
 91595 | Depths:2 | Killed Murray
 92050 | Abyss:4  | Cast into level 4 of the Abyss (hell knight)
 92139 | Hell     | Escaped the Abyss
 92167 | Abyss:4  | Cast into level 4 of the Abyss (hell knight)
 92232 | Hell     | Escaped the Abyss
 92243 | Hell     | Killed Geryon
 92331 | Hell     | Found a gateway to the decaying netherworld of Tartarus.
 92406 | Hell     | Found a gateway to the ashen valley of Gehenna.
 92493 | Hell     | Found a gateway to the freezing wastes of Cocytus.
 92578 | Hell     | Found a gateway to the Iron City of Dis.
 92797 | Tar:1    | Entered Level 1 of Tartarus
 92972 | Tar:1    | Reached skill level 15 in Translocations
 92979 | Tar:1    | HP: 6/216 [spectral deep troll[an eidolon] (7)]
 95022 | Geh:1    | Entered Level 1 of Gehenna
 95347 | Geh:1    | Identified a +9 eudemon blade of holy wrath (a +7 demon
                  | blade of electrocution blessed by the Shining One)
 95347 | Geh:1    | Received a gift from the Shining One
 95807 | Dis:1    | Entered Level 1 of the Iron City of Dis
 96852 | Geh:4    | You are sucked into a shaft and drop 2 floors!
 97542 | Tomb:1   | Entered Level 1 of the Tomb of the Ancients
 98108 | Tomb:1   | Noticed a royal mummy
 98112 | Tomb:1   | Noticed a royal mummy
 98125 | Tomb:1   | Killed a royal mummy
 98129 | Tomb:1   | Killed a royal mummy
 99087 | Geh:7    | Entered Level 7 of Gehenna
 99445 | Geh:7    | Noticed the Serpent of Hell
 99482 | Geh:7    | Killed the Serpent of Hell
100178 | Geh:7    | Found the +7 sceptre of Asmodeus
100178 | Geh:7    | Noticed Asmodeus
100239 | Geh:7    | Killed Asmodeus
100304 | Geh:7    | Got an obsidian rune of Zot
101044 | Dis:1    | You are sucked into a shaft and drop 1 floor!
101285 | Dis:1    | Noticed an ancient lich
101293 | Dis:1    | Killed an ancient lich
102817 | Dis:4    | Noticed an ancient lich
102817 | Dis:4    | Noticed an ancient lich
102817 | Dis:4    | Noticed an ancient lich
102825 | Hell     | Killed an ancient lich
102831 | Hell     | Killed an ancient lich
103014 | Dis:4    | Killed an ancient lich
103017 | Dis:4    | Noticed an ancient lich
103023 | Dis:4    | Noticed a dread lich
103027 | Dis:4    | Killed an ancient lich
103032 | Dis:4    | Killed a dread lich
103093 | Dis:4    | Noticed a dread lich
103101 | Dis:4    | Killed a dread lich
103650 | Dis:5    | Lost intelligence.
104687 | Depths:2 | Voluntarily entered the Abyss.
104848 | Abyss:4  | Noticed an ancient lich
104854 | Abyss:4  | Killed an ancient lich
104931 | Abyss:4  | Paralysed by accursed screaming for 2 turns
104940 | Abyss:4  | Paralysed by accursed screaming for 2 turns
104951 | Abyss:4  | Paralysed by accursed screaming for 2 turns
105014 | Abyss:4  | Paralysed by accursed screaming for 1 turns
105310 | Abyss:4  | Paralysed by accursed screaming for 2 turns
105318 | Abyss:4  | Paralysed by accursed screaming for 1 turns
105433 | Abyss:4  | Paralysed by accursed screaming for 2 turns
105437 | Abyss:4  | Paralysed by accursed screaming for 2 turns
105458 | Abyss:4  | Paralysed by accursed screaming for 1 turns
105462 | Depths:2 | Escaped the Abyss
105660 | Depths:2 | Voluntarily entered the Abyss.
105698 | Abyss:4  | Reached skill level 27 in Fighting
105702 | Abyss:4  | Reached skill level 27 in Long Blades
106612 | Abyss:4  | Noticed a dread lich
106624 | Abyss:4  | Killed a dread lich
106633 | Depths:2 | Escaped the Abyss
107999 | Tar:2    | You are sucked into a shaft and drop 1 floor!
108764 | Tar:5    | HP: 13/273 [doom hound (7)]
108765 | Tar:5    | HP: 1/273 [doom hound (18)]
108772 | Tar:5    | HP: 13/273 [tainted leviathan] (9)]
108772 | Tar:5    | HP: 4/273 [bone dragon[a doom hound] (11)]
108777 | Tar:5    | HP: 2/273 [poison (dark miasma)]
108777 | Tar:5    | Slain by a bone dragon

Illustrated notes

Levels and vault maps discovered:
D:1:      spicycebolla_arrival_transporter_tutorial, layout_rooms,
          serial_aquarium, aquarium_bridge_square [aquarium_subvault_bridge,
          aquarium_subvault_wall, aquarium_subvault_window,
          aquarium_subvault_bridge], aquarium_window_1, aquarium_window_1,
          aquarium_window_corner, aquarium_window_corner, aquarium_view_2e,
          aquarium_view_2g
D:2:      layout_loops_ring
D:3:      layout_loops_ring, mainiacjoe_overflow_concentric_impassable,
          vehumet_crystals, chequers_ecumenical_altar_twisty,
          minmay_randomly_rotated_circles
D:4:      layout_rooms, serial_shops, nicolae_shop_behind_doors,
          nicolae_shop_stone, nicolae_shop_hallway_stairs, uniq_sigmund
D:5:      layout_loops_ring, nicolae_overflow_crystal_walls, old_standard_altar,
          zin_scriptorium, gup_ossuary_entry_pyramid, serial_shops,
          kennysheep_mini_moat
D:6:      layout_loops_cross, lemuel_round_altar, lemuel_round_altar,
          minmay_hollow_rounded_squares
D:7:      nicolae_cairo_tiling_large, layout_loops_ring,
          worldfamousw_hep_ancestral_shrine, minmay_temple_entry_gardened_gates,
          uniq_joseph, uniq_prince_ribbit1
D:8:      minmay_general_purpose_star, layout_basic,
          nicolae_ashenzari_panopticon, fedhas_altar_4, dpeg_lair_monsters,
          fungi_pond_lemuel, uniq_pikel, uniq_maurice
D:9:      hangedman_cross_cluster, layout_loops_ring, lemuel_doored_altar,
          serial_shops, shop, nicolae_shop_crystal
D:10:     layout_irregular_city, mainiacjoe_overflow_tiny_flanked,
          tso_metal_star, nicolae_shop_i_like_big_books, uniq_grum
D:11:     layout_grid_maze
D:12:     layout_rooms, orc_0_dummy
D:13:     layout_roguey, grunt_vaults_entry_tiered, special_room
          [special_room_bee]
D:14:     layout_stronghold, serial_rivers, chequers_serial_rivers_room_a,
          chequers_serial_rivers_room_b, chequers_serial_rivers_micro_c,
          chequers_serial_rivers_large_a, chequers_serial_rivers_micro_d,
          chequers_serial_rivers_micro_e, uniq_josephine
D:15:     gammafunk_depths_entry_grave, layout_basic, kiku_gazebo_garden_becter,
          uniq_roxanne
Temple:   nicolae_temple_figure_zero
Lair:1:   layout_regular_city, gauntlet_entry_generic,
          infiniplex_staircase_pool, uniq_maggie
Lair:2:   layout_chaotic_city, minmay_shoals_entry_lonely_mermaid,
          hangedman_lair_unloving_vines, grunt_megastairs_5
Lair:3:   layout_cave_pods, spider_nest_entry_web_field
Lair:4:   layout_small_grid, slime_entry_2, grunt_forest_large_clearings,
          grunt_megastairs_3, uniq_nessos, uniq_urug
Lair:5:   grunt_lair_end_beastmaster, layout_cave_pods,
          chequers_serial_rivers_room_a, uniq_rupert
Shoals:1: layout_shoals, serial_shops, shop
Shoals:2: layout_shoals, nicolae_shoals_enchanted_isle, uniq_polyphemus,
          uniq_kirke
Shoals:3: layout_shoals, serial_shops, nicolae_square_shop,
          nicolae_shoals_aquamancer_cove
Shoals:4: shoals_end_grunt_garden, layout_shoals, nicolae_shoals_land_atoll
Spider:1: layout_chambers
Spider:2: nicolae_spider_mines_1, hangedman_stitches_earthworm, uniq_asterion,
          uniq_arachne
Spider:3: layout_spider_delve, nicolae_crawler_farm
Spider:4: grunt_spider_rune_circles
Slime:1:  layout_caves
Slime:2:  cheibrodos_slime_lost_civilization_3, layout_caves
Slime:3:  layout_caves
Slime:4:  layout_caves, cheibrodos_slime_lost_civilization_4
Slime:5
Orc:1:    layout_caves, basic_altar, enter_volcano_1
Orc:2:    pubby_orc_utopia, uniq_sonja
Elf:1:    elf_arrival_002, layout_gridlike,
          ploomutoo_gammafunk_ghost_potion_laboratory, serial_shops,
          nicolae_shop_stone, minivault_28
Elf:2:    elven_hall_of_blades_hangedman_original
          [nicolae_blade_entry_pointy_end], layout_geoelf_diagonals,
          minmay_shop_star
Elf:3:    grunt_elf_hall_spiral, layout_geoelf_diagonals, serial_shops,
          nicolae_shop_crystal, nicolae_shop_hallway_plus,
          nicolae_shop_overgrown_old_shop, nicolae_shop_stone
Vaults:1: v_rooms_4, hangedman_vaults_nails, v_pattern_1, dpeg_vaults_waves,
          grunt_vaults_focal, nicolae_vaults_border_crossing,
          nicolae_vaults_little_squares_1, ontoclasm_vaults_ring_small,
          ontoclasm_vaults_spin, nicolae_vaults_specimen_jars,
          vaults_mumra_hexcomb, layout_vaults_big_room, serial_shops,
          shop_statue, nicolae_shop_bloodbath_and_beyond, shop
Vaults:2: nicolae_vaults_little_ls, nicolae_vaults_branching_niches,
          minmay_crypt_entry_simple_statues, nicolae_vaults_circle_grid_b,
          vaults_dpeg_hooks, ontoclasm_vaults_gateway, vaults_room_semicircle,
          layout_vaults_quadrants
Vaults:3: v_misc_27, v_rooms_5, hangedman_vaults_slither,
          ontoclasm_vaults_pinch, v_misc_31, grunt_vaults_hallway_short,
          nicolae_vaults_quadrants, v_misc_29, nicolae_vaults_what_the_h,
          nicolae_vaults_asterisk, hangedman_vaults_stretched_pinwheel,
          layout_vaults_omnibox
Vaults:4: portal_desolation_entry_nicolae_nacl, v_misc_19, st_cells,
          v_alt_pattern_4, vaults_room_fours, v_misc_14,
          ontoclasm_vaults_ligature, nicolae_vaults_three_branches,
          ontoclasm_vaults_decontamination, vaults_room_door_ring,
          nicolae_vaults_little_squares_6,
          nicolae_vaults_windows_and_doors_thing, layout_vaults_omnicross
Vaults:5
Crypt:1:  layout_gridlike, nicolae_crypt_niches, minmay_misc_feat_rows,
          grunt_crypt_arrival_webbed
Crypt:2:  layout_chaotic_city
Crypt:3:  cryptofortress_bobbens, uniq_sojobo
Tomb:1
Depths:1: minmay_box_of_statues, layout_cave_pools, grunt_pan_entry_zigzag,
          grunt_hell_entry_dis_grunt, minmay_misc_feat_doors,
          nicolae_ru_great_annihilating_truth
Depths:2: minmay_thinvault, layout_cave_pools, rand_demon_pan_entry_3,
          abyss_entry_flame_altar, hell_entry,
          minmay_the_grid_square_5x5_3x3_mashed
          [minmay_the_grid_square_5x5_hourglass,
          minmay_the_grid_square_5x5_inverted_slash,
          minmay_the_grid_square_5x5_longway,
          minmay_the_grid_square_5x5_detours,
          minmay_the_grid_square_5x5_megaprize_checkered,
          minmay_the_grid_square_5x5_eight, minmay_the_grid_square_5x5_lines,
          minmay_the_grid_square_5x5_v, minmay_the_grid_square_5x5_bridge],
          infiniplex_staircase_trident
Depths:3: hangedman_slaughterboxes, hell_entry, abyss_entry
Depths:4: grunt_crosshair, layout_cave_pools, enter_ziggurat_b,
          grunt_hell_horde, nicolae_abyss_entry_one_way_or_another,
          amcnicky_mini_pool_medium, uniq_josephina
Hell
Dis:1:    layout_gridville
Dis:2:    layout_jigsaw
Dis:3:    layout_gridville
Dis:4:    layout_subdivisions, nicolae_dis_liches_on_tour
Dis:5:    layout_overlapping_boxes
Dis:6:    layout_jigsaw
Geh:1:    layout_gehenna_pools_box, nicolae_geh_lavax
Geh:2:    layout_gehenna_pools_triple
Geh:3:    layout_gehenna_pools_basic
Geh:4:    layout_gehenna_pools_basic
Geh:5:    layout_gehenna_pools_basic
Geh:6:    layout_gehenna_pools_triple
Geh:7:    evilmike_geh
Tar:1:    layout_grid_maze, nicolae_hells_hurtin_island
Tar:2:    layout_honeycomb
Tar:3:    layout_honeycomb, nicolae_tar_cuneiform_oil
Tar:4:    layout_grid_maze
Tar:5:    layout_grid_maze
Zot:1:    grunt_zot_stairs_overgrown, layout_gridlike, zot_minivault_5
Zot:2:    layout_gridlike, door_vault
Zot:3:    layout_twisted_circle
Zot:4:    layout_basic, grunt_megastairs_4
Zot:5:    layout_misc_corridors

Skill      XL: |  1  2  3  4  5  6  7  8  9 10 11 12 13 14 15 16 17 18 19 20 21 22 23 24 25 26 27 |
---------------+----------------------------------------------------------------------------------+-----
Long Blades    | 4 5 6 8 10 12 15 16 18 20 27 | 27.0
Armour         | 1 2 3 4 5 9 10 13 15 17 19 20 | 20.0
Fighting       | 3 4 5 8 10 11 13 14 15 17 19 20 27 | 27.0
Dodging        | 4 5 7 9 10 13 15 16 19 20 | 20.0
Invocations    | 5 9 10 11 12 13 15 20 | 20.0
Throwing       | 5 6 8 10 12 15 18 | 18.7
Evocations     | 3 5 9 10 | 10.0
Shields        | 7 12 15 17 19 20 | 20.0
Spellcasting   | 4 7 9 10 11 14 15 17 | 17.0
Translocations | 3 15 | 15.0
Transmutations | 5 9 11 15 | 15.0

Action                   |  1- 3 |  4- 6 |  7- 9 | 10-12 | 13-15 | 16-18 | 19-21 | 22-24 | 25-27 || total
-------------------------+-------+-------+-------+-------+-------+-------+-------+-------+-------++-------
Melee: Long sword        |   105 |   105 |   414 |   205 |       |       |       |       |       ||   829
       Headbutt          |    14 |    16 |    93 |   138 |   399 |   427 |   645 |   670 |  2282 ||  4684
       Punch             |       |     3 |     2 |    12 |     4 |       |       |       |       ||    21
       Demon blade       |       |       |       |   414 |  1534 |  1487 |  1773 |  1725 |  1214 ||  8147
       Kick              |       |       |       |       |       |       |     5 |    24 |       ||    29
       Scimitar          |       |       |       |       |       |       |       |       |  2401 ||  2401
       Eudemon blade     |       |       |       |       |       |       |       |       |  1975 ||  1975
Throw: Throwing net      |       |     3 |       |     1 |     2 |       |       |       |       ||     6
       Javelin           |       |     1 |     1 |     2 |     6 |     6 |    13 |    30 |    29 ||    88
       Boomerang         |       |       |       |    12 |    97 |   102 |    57 |   105 |   156 ||   529
 Cast: Beastly Appendage |       |       |       |       |       |       |     1 |     1 |       ||     2
       Wereblood         |       |       |       |       |       |       |     1 |     3 |    10 ||    14
       Apportation       |       |       |       |       |       |       |       |       |     2 ||     2
       Manifold Assault  |       |       |       |       |       |       |       |       |     1 ||     1
Invok: Heroism           |       |       |     1 |     3 |     9 |     4 |     9 |    10 |     4 ||    40
       Finesse           |       |       |       |       |    10 |     5 |    12 |    16 |     6 ||    49
       Duel              |       |       |       |       |       |       |     1 |       |     2 ||     3
       Cleansing Flame   |       |       |       |       |       |       |       |       |    21 ||    21
       Summon Divine War |       |       |       |       |       |       |       |       |     8 ||     8
       Divine Shield     |       |       |       |       |       |       |       |       |     6 ||     6
       Brand Weapon With |       |       |       |       |       |       |       |       |     1 ||     1
Evoke: Wand              |       |     3 |       |     2 |     5 |    12 |     2 |     3 |     2 ||    29
  Use: Scroll            |       |     1 |     1 |    14 |    23 |     6 |     8 |    13 |     9 ||    75
       Potion            |       |       |       |     9 |     4 |     9 |    11 |     8 |    10 ||    51
 Stab: Petrified         |       |       |       |       |     8 |       |       |       |       ||     8
       Distracted        |       |       |       |       |       |       |       |     1 |       ||     1
       Paralysed         |       |       |       |       |       |       |       |     1 |       ||     1
Armor: Leather armour    |    30 |       |       |       |       |       |       |       |       ||    30
       Scale mail        |    10 |    66 |   174 |       |       |       |       |       |       ||   250
       Ring mail         |     3 |       |       |       |       |       |       |       |       ||     3
       Chain mail        |       |       |    44 |   358 |   253 |       |       |       |       ||   655
       Plate armour      |       |       |       |       |   582 |    54 |       |       |       ||   636
       Skin              |       |       |       |       |     1 |       |    27 |       |     1 ||    29
       Crystal plate arm |       |       |       |       |       |   949 |   904 |   325 |       ||  2178
       Gold dragon scale |       |       |       |       |       |       |       |   659 |  2779 ||  3438
Dodge: Dodged            |    70 |    61 |   225 |   262 |   473 |   358 |   442 |   642 |  2612 ||  5145
Block: Kite shield       |       |       |       |       |   500 |       |       |       |       ||   500
       Buckler           |       |       |       |       |    35 |   583 |   990 |  1145 |  4022 ||  6775
       Reflection        |       |       |       |       |       |       |    60 |    40 |    87 ||   187
